 Dungeon Crawl Stone Soup version 0.24.0-125-gc4c63601f3 (webtiles) character file.

Game seed: 11376730509103131266, levelgen mode: deterministic

175913 shadizar the Warrior (level 17, -3/116 HPs)
             Began as a Gargoyle Fighter on Mar 8, 2020.
             Was the Champion of the Shining One.
             Killed from afar by an ogre mage (36 damage)
             ... with a crystal spear
             ... on level 1 of the Vaults.
             The game lasted 01:13:41 (31780 turns).

shadizar the Warrior (Gargoyle Fighter)            Turns: 31780, Time: 01:13:41

Health: -3/116     AC: 53    Str: 30    XL:     17   Next: 82%
Magic:  25/26      EV: 10    Int: 12    God:    the Shining One [******]
Gold:   874        SH: 32    Dex:  9    Spells: 16/16 levels left

rFire    . . .     SeeInvis .   x - +0 morningstar
rCold    . . .     Gourm    +   J - +0 large shield
rNeg     + + +     Faith    .   R - +15 Maxwell's patent armour {-Cast -Tele rElec MR+ rCorr}
rPois    ∞         Spirit   .   p - +2 helmet {Int+3}
rElec    +         Reflect  .   v - +1 cloak
rCorr    +         Harm     .   c - +0 pair of gloves
MR       +++..     NoTele   +   Z - +0 pair of boots Stlth ..........NoCast +
                                F - amulet of the gourmand
HPRegen  0.29/turn              H - ring of protection from magic
MPRegen  0.20/turn              w - +3 ring of strength

@: divine shield, flying, glowing
A: big wings, negative energy resistance 1, electricity resistance, unbreathing,
petrification resistance, rot immunity, AC +12
}: 1/15 runes: decaying
a: Stop Flying, Divine Shield, Cleansing Flame, Summon Divine Warrior, Brand
Weapon With Holy Wrath, Renounce Religion


You were on level 1 of the Vaults.
You worshipped the Shining One.
The Shining One was exalted by your worship.
You were very full.

You visited 6 branches of the dungeon, and saw 29 of its levels.
You also visited: Ossuary and Volcano.

You collected 2790 gold pieces.
You spent 1916 gold pieces at shops.

Inventory:

Hand Weapons
 b - the +1 rapier of Makhleb's Delight {flame, *Slow rF+ Int+3 Dex+4}
   (You found it on level 3 of the Lair of Beasts)

   It has been specially enchanted to burn those struck by it, causing extra
   injury to most foes and up to half again as much damage against particularly
   susceptible opponents.
   It affects your intelligence (+3).
   It affects your dexterity (+4).
   It protects you from fire.
   It may slow you when you take damage.
 s - the +6 hand crossbow "Yleynkan" {venom, *Slow rN+++ Str+2 Int+2, unknown}
   (You found it on level 5 of the Lair of Beasts)

   It poisons the ammo it fires.
   It affects your strength (+2).
   It affects your intelligence (+2).
   It renders you almost immune to negative energy.
   It may slow you when you take damage.
 x - a +0 morningstar (weapon)
 D - the +4 long sword of the Postmodern Tales {slice, Dex+2}
   (You found it on level 2 of the Swamp)

   It inflicts extra damage upon your enemies.
   It affects your dexterity (+2).
Armour
 c - a +0 pair of gloves (worn)
 l - a +0 plate armour
 p - a +2 helmet of intelligence (worn)
 v - a +1 cloak (worn)
 I - the +4 cloak "Koagez" {rPois rF- MR++ Int+3}
   (You found it on level 5 of the Lair of Beasts)

   It affects your intelligence (+3).
   It makes you vulnerable to fire.
   It protects you from poison.
   It affects your resistance to hostile enchantments.
 J - a +0 large shield (worn)
 R - the +15 Maxwell's patent armour (worn) {-Cast -Tele rElec MR+ rCorr}
   (You bought it in a shop on level 14 of the Dungeon)

   It insulates you from electricity.
   It affects your resistance to hostile enchantments.
   It prevents spellcasting.
   It prevents most forms of teleportation.
   It provides partial protection from all sources of acid and corrosion.
 Z - a +0 pair of boots (worn)
Jewellery
 k - an uncursed ring of protection from cold
 r - the ring "Syrad" {rPois rC+ rN+ EV+3}
   (You found it on level 6 of the Lair of Beasts)

   [ring of evasion]

   It affects your evasion (+3).
   It protects you from cold.
   It protects you from poison.
   It protects you from negative energy.
 w - a +3 ring of strength (right hand)
 F - an amulet of the gourmand (around neck)
 H - a ring of protection from magic (left hand)
 K - the ring of Cheibriados's Delight {*Drain rPois rC+ MP+9 Int+5}
   (You found it on level 2 of the Swamp)

   [ring of magical power]

   It affects your intelligence (+5).
   It protects you from cold.
   It protects you from poison.
   It affects your magic capacity (+9).
   It causes draining when unequipped.
 Q - an uncursed ring of ice
 W - an uncursed ring of fire
 X - an uncursed amulet of magic regeneration {unknown}
Wands
 a - a wand of acid (18)
 o - a wand of digging (3)
 y - a wand of scattershot (8)
 N - a wand of flame (12)
 P - a wand of disintegration (5)
 U - a wand of iceblast (39)
Scrolls
 e - 6 scrolls of enchant weapon
 g - 7 scrolls of teleportation
 h - 3 scrolls of blinking
 j - 6 scrolls of enchant armour
 m - a scroll of amnesia
 n - 9 scrolls of identify
 q - 12 scrolls of remove curse
 t - a scroll of magic mapping
 A - a scroll of fog
 B - 5 scrolls of silence
 S - a scroll of holy word {unknown}
Potions
 d - 5 potions of might
 i - 3 potions of berserk rage
 u - 2 potions of ambrosia
 z - a potion of heal wounds
 E - 3 potions of haste
 G - 3 potions of resistance
 L - 2 potions of curing
 M - 2 potions of cancellation
 O - 8 potions of agility
 V - a potion of experience {unknown}
 Y - a potion of magic
Miscellaneous
 C - a fan of gales
 T - a sack of spiders
Comestibles
 f - 43 rations


   Skills:
 + Level 16.5 Fighting
 + Level 12.7 Maces & Flails
 - Level 4.5 Throwing
 + Level 13.9 Armour
 + Level 10.7 Dodging
 + Level 13.8 Shields
 + Level 12.1 Invocations


You had 16 spell levels left.
You didn't know any spells.
Your spell library contained the following spells:

 Spells                   Type           Power        Failure   Level  Hunger
 Animate Skeleton         Necr           N/A          100%        1    ##.....
 Apportation              Tloc           #.....       100%        1    ##.....
 Beastly Appendage        Tmut           #.....       100%        1    ##.....
 Confusing Touch          Hex            #.....       100%        1    ##.....
 Corona                   Hex            #......      100%        1    ##.....
 Flame Tongue             Conj/Fire      #....        100%        1    ##.....
 Magic Dart               Conj           #...         100%        1    ##.....
 Sting                    Conj/Pois      #...         100%        1    ##.....
 Summon Small Mammal      Summ           #...         100%        1    ##.....
 Blink                    Tloc           N/A          100%        2    ###....
 Call Imp                 Summ           #.......     100%        2    ###....
 Ensorcelled Hibernation  Hex/Ice        #.....       100%        2    ###....
 Poisonous Vapours        Pois/Air       #.....       100%        2    ###....
 Slow                     Hex            #.......     100%        2    ###....
 Sticks to Snakes         Tmut           #.......     100%        2    ###....
 Throw Flame              Conj/Fire      #.....       100%        2    ###....
 Call Canine Familiar     Summ           #.......     100%        3    ####...
 Confuse                  Hex            #.......     100%        3    ####...
 Conjure Flame            Conj/Fire      #.......     100%        3    ####...
 Dazzling Spray           Conj/Hex       #.....       100%        3    ####...
 Gell's Gravitas          Tloc           #.........   100%        3    ####...
 Inner Flame              Hex/Fire       #.......     100%        3    ####...
 Mephitic Cloud           Conj/Pois/Air  #.......     100%        3    ####...
 Spider Form              Tmut/Pois      #.........   100%        3    ####...
 Summon Guardian Golem    Hex/Summ       #.......     100%        3    ####...
 Tukima's Dance           Hex            #.......     100%        3    ####...
 Ice Form                 Ice/Tmut       #.......     100%        4    #####..
 Olgreb's Toxic Radiance  Pois           #.......     100%        4    #####..
 Petrify                  Tmut/Erth      #.......     100%        4    #####..
 Sticky Flame             Conj/Fire      #.......     100%        4    #####..
 Summon Ice Beast         Ice/Summ       #.......     100%        4    #####..
 Summon Lightning Spire   Summ/Air       #.......     100%        4    #####..
 Blade Hands              Tmut           #.........   100%        5    ######.
 Fireball                 Conj/Fire      #.........   100%        5    ######.
 Metabolic Englaciation   Hex/Ice        #.........   100%        5    ######.
 Venom Bolt               Conj/Pois      #.........   100%        5    ######.
 Yara's Violent Unravell  Hex/Tmut       #.........   100%        5    ######.
 Bolt of Cold             Conj/Ice       #.........   100%        6    #######
 Freezing Cloud           Conj/Ice/Air   #.........   100%        6    #######
 Ozocubu's Refrigeration  Ice            #.........   100%        6    #######
 Simulacrum               Ice/Necr       #.........   100%        6    #######
 Ring of Flames           Chrm/Fire      #.........   100%        7    #######


Dungeon Overview and Level Annotations

Branches:
Dungeon (15/15)            Temple (1/1) D:5            Lair (6/6) D:11
  Swamp (4/4) Lair:4       Spider (0/4) Lair:3        Slime (0/5) Lair:5
    Orc (2/2) D:9             Elf (0/3) Orc:2        Vaults (1/5) D:13
 Depths (0/5) D:15        Ossuary (visited)         Volcano (visited)

Altars:
Ashenzari
Cheibriados
Dithmenos
Elyvilon
Fedhas
Gozag
Hepliaklqana
Kikubaaqudgha
Makhleb
Nemelex Xobeh
Okawaru
Qazlal
Ru
Sif Muna
Trog
Uskayaw
Vehumet
Wu Jian
Xom
Yredelemnul
Zin
The Shining One
Beogh
Jiyva

Shops:
D:4 }   D:5 [   D:6 }   D:8 }   D:13 (   D:14 [:[   Orc:2 *!!

Annotations:
D:10 1 runed translucent door, TheDeThijs's ghost, journeyman MiBe
D:14 Roxanne
Lair:2 exclusion: oklob plant
Lair:6 3 runed translucent doors, gonk's ghost, journeyman GnWn
Swamp:2 Ychix's ghost, journeyman GnSk


Innate Abilities, Weirdness & Mutations

You are resistant to torment.
Your stone body is resilient. (AC +12)
You are immune to poison.
Your large and strong wings let you fly indefinitely.
You resist negative energy. (rN+)
You are resistant to electric shocks. (rElec)
You can survive without breathing.
You are immune to petrification.
You are immune to rotting.


Message History

Unknown command.
You feel much better. You block the two-headed ogre's attack.
The two-headed ogre hits you with a +0 giant club.
* * * LOW HITPOINT WARNING * * *
The two-headed ogre hits you but does no damage.
You block the two-headed ogre's attack. You block the ogre mage's attack.
Things that are here:
a +0 spear; a +0 robe; a harpy corpse You barely miss the ogre mage.
The ogre mage is moderately wounded.
You block the ogre mage's attack.
You block the two-headed ogre's attack. x3
The two-headed ogre hits you but does no damage.
Unknown command.
Unknown command.
You hit the ogre mage but do no damage.
The ogre mage is moderately wounded.
The ogre mage casts a spell at you. The crystal spear hits you!!!
You die...

#.#.#.#.#.#.# #..####..####.
##.#.#.#.#.## #.∩...........
#.#.#...#.#. #.............
#####'##############'#########
#....#.#..#.#.....#
#...)))#..).#O)...#
#....#)#..#)#)....#
######.####O))....#
#........O@O#######
########(.....#...#
#......#......'...#
#.....)#'####.#...#
#.....)(....#.#...#
#.....)#....#.#...#
###########'###############
#.........................
#......†..................


You could see 2 two-headed ogres and an ogre mage.

Vanquished Creatures
  Saint Roka (Vaults:1)
  Rupert (D:12)
  Gastronok (Lair:3)
  A thorn hunter (Swamp:2)
  Aizul (Swamp:4)
  A stone giant (Orc:2)
  An ironheart preserver (Vaults:1)
  Azrael (D:14)
  A dire elephant (D:15)
  Snorg (D:14)
  A fire dragon (Volcano)
  Josephine (D:14)
  Fannar (D:10)
  19 hydras
  A merfolk avatar (Lair:6)
  4 ice dragons (Swamp:4)
  8 centaur warriors
  A ghost crab (Swamp:1)
  Erica (D:10)
  13 alligators
  4 ogre magi
  A death yak (D:10)
  18 two-headed ogres
  Nergalle (D:10)
  4 spriggans
  2 deep trolls
  4 skeletal warriors (D:15)
  A sea snake (Lair:6)
  4 swamp dragons
  3 orc knights
  A glowing orange brain (shapeshifter) (D:15)
  6 harpies
  An ironbrand convoker (Vaults:1)
  Pikel (D:9)
  2 deep elf magi
  A wolf spider (D:15)
  31 ugly things
  An orc sorcerer (Orc:1)
  2 manticores
  5 cyclopes
  3 salamanders (Volcano)
  7 black mambas
  9 elephants
  A torpor snail (Lair:4)
  A gargoyle (D:11)
  21 spiny frogs
  7 rime drakes
  An efreet (D:15)
  6 komodo dragons
  A yaktaur (D:15)
  5 freezing wraiths
  A harpy zombie (D:15)
  3 wind drakes (Lair:6)
  12 trolls
  9 hornets
  2 polar bears (Lair:6)
  Prince Ribbit (D:9)
  11 tyrant leeches
  29 slime creatures
  A wind drake (shapeshifter) (D:15)
  4 bog bodies
  A dream sheep (Lair:6)
  11 hippogriffs
  4 blink frogs (Lair:6)
  A vampire (D:14)
  3 wraiths (D:14)
  A tarantella (shapeshifter) (D:15)
  30 yaks
  11 wyverns
  2 humans (shapeshifter)
  5 basilisks
  3 fire elementals (D:14)
  16 humans
  4 fire bats (Volcano)
  7 swamp worm simulacra (Swamp:4)
  12 swamp worms
  5 wargs
  5 vampire mosquitoes
  Menkaure (D:7)
  22 insubstantial wisps
  3 acid dragons
  15 hydra simulacra (Swamp:4)
  2 hell hounds (D:14)
  12 porcupines
  8 water moccasins
  A hornet zombie (D:14)
  3 ice beasts
  10 sky beasts
  6 phantoms
  6 swamp drakes
  3 black bears
  14 orc warriors
  39 ogres
  25 crocodiles
  23 centaurs
  2 big kobolds
  24 bullfrogs
  A wyvern zombie (D:11)
  2 wyvern skeletons
  7 scorpions
  3 killer bees (D:12)
  3 wights
  3 howler monkeys
  6 crimson imps
  5 centaur zombies
  2 quasits
  3 human zombies (Ossuary)
  A bullfrog zombie (D:12)
  11 jellies
  A gnoll shaman (Orc:2)
  8 orc priests
  A bullfrog skeleton (D:7)
  7 hounds
  9 orc wizards
  2 centaur skeletons
  Terence (D:3)
  5 iguanas
  11 worker ants
  3 hound skeletons
  3 mummies
  5 gnolls (Orc:2)
  6 adders
  10 shadow imps
  2 oozes (Lair:5)
  A swamp drake simulacrum (Swamp:4)
  3 adder zombies (Ossuary)
  4 worms
  2 leopard geckos (D:9)
  43 orcs
  6 bats
  5 giant cockroaches
  8 goblins
  10 hobgoblins
  16 jackals
  5 quokkas
  2 ball pythons (D:3)
  6 frilled lizards
  2 goblin zombies
  10 hobgoblin zombies
  A jackal zombie (Ossuary)
  17 kobolds
  5 kobold zombies (Ossuary)
  12 orc zombies (Ossuary)
  A quokka skeleton (D:4)
  11 rats
  A rat zombie (Ossuary)
  A plant (Volcano)
921 creatures vanquished.

Vanquished Creatures (others)
  A spriggan (Swamp:1)
  A cyclops (D:14)
  A hornet (Swamp:1)
  2 vampire mosquitoes (Swamp:1)
  A swamp worm (Swamp:4)
  A wight (D:9)
  A leopard gecko (D:9)
  An orc (D:9)
  5 briar patches (Swamp:2)
  23 bushes (D:14)
  23 fungi (Lair:6)
  28 plants
88 creatures vanquished.

Grand Total: 1009 creatures vanquished

Notes
Turn   | Place    | Note
-------+----------+-------------------------------------------
     0 | D:1      | shadizar the Gargoyle Fighter began the quest for the Orb.
     0 | D:1      | Reached XP level 1. HP: 14/14 MP: 1/1
    34 | D:1      | Reached XP level 2. HP: 18/19 MP: 2/2
   479 | D:1      | Reached XP level 3. HP: 23/23 MP: 3/3
   886 | D:2      | Found a stormy altar of Qazlal.
   893 | D:2      | Found a shadowy altar of Dithmenos.
   900 | D:2      | Found a shattered altar of Ashenzari.
   908 | D:2      | Found a sacrificial altar of Ru.
   915 | D:2      | Found a blossoming altar of Fedhas.
   923 | D:2      | Found an ornate altar of the Wu Jian Council.
   928 | D:2      | Found an iron altar of Okawaru.
   929 | D:2      | Reached skill level 1 in Dodging
  1136 | D:2      | Noticed a centaur
  1147 | D:2      | Killed a centaur
  1147 | D:2      | Reached skill level 4 in Fighting
  1147 | D:2      | Reached XP level 4. HP: 28/29 MP: 4/4
  1147 | D:2      | Reached XP level 5. HP: 31/33 MP: 5/5
  1665 | D:3      | Reached XP level 6. HP: 28/39 MP: 6/6
  1978 | D:3      | Found a hide-covered altar of Uskayaw.
  2086 | D:3      | Noticed Terence
  2094 | D:3      | Killed Terence
  2308 | D:3      | Found a faded altar of an unknown god.
  2443 | D:4      | Found Xaid's Gadget Shop.
  2470 | D:4      | Noticed a phantom
  2804 | D:4      | Killed a phantom
  2804 | D:4      | Reached skill level 5 in Fighting
  2869 | D:4      | Noticed an ice beast
  2889 | D:4      | Killed an ice beast
  2889 | D:4      | Reached XP level 7. HP: 41/44 MP: 7/7
  3218 | D:4      | Reached skill level 1 in Throwing
  3380 | D:5      | Entered Level 5 of the Dungeon
  3601 | D:5      | Reached skill level 5 in Armour
  3630 | D:6      | Reached skill level 5 in Shields
  3693 | D:6      | Reached skill level 6 in Fighting
  3696 | D:6      | Reached XP level 8. HP: 16/51 MP: 8/8
  4093 | D:6      | Found Fygic's Gadget Shoppe.
  4256 | D:5      | Reached skill level 7 in Fighting
  4360 | D:5      | Found a staircase to the Ecumenical Temple.
  4368 | D:5      | Reached XP level 9. HP: 17/57 MP: 9/9
  4587 | Temple   | Entered the Ecumenical Temple
  4598 | Temple   | Became a worshipper of the Shining One
  4777 | D:5      | Found Sofyssoc's Antique Armour Boutique.
  5160 | D:7      | Noticed Menkaure
  5177 | D:7      | Killed Menkaure
  5177 | D:7      | Reached skill level 5 in Maces & Flails
  5395 | D:7      | Found a sand-covered staircase.
  5401 | Ossuary  | Entered an ossuary
  5409 | Ossuary  | Reached * piety under the Shining One
  5459 | Ossuary  | Reached ** piety under the Shining One
  5524 | Ossuary  | Reached *** piety under the Shining One
  5610 | Ossuary  | Reached skill level 8 in Fighting
  5881 | D:7      | Found a shimmering blue altar of Sif Muna.
  5916 | D:7      | Found an ancient bone altar of Kikubaaqudgha.
  5936 | D:7      | Found a radiant altar of Vehumet.
  6239 | D:6      | Reached **** piety under the Shining One
  6725 | D:8      | Found Ruqoh's Gadget Shoppe.
  7022 | D:8      | Reached XP level 10. HP: 65/65 MP: 10/10
  7078 | D:8      | Reached skill level 9 in Fighting
  7383 | D:9      | Noticed Prince Ribbit
  7395 | D:9      | Killed Prince Ribbit
  7424 | D:9      | Noticed Pikel
  7460 | D:9      | Killed Pikel
  7575 | D:9      | Found a staircase to the Orcish Mines.
  8276 | D:10     | Entered Level 10 of the Dungeon
  8394 | D:10     | Noticed Nergalle
  8431 | D:10     | Killed Nergalle
  8431 | D:10     | Reached skill level 1 in Invocations
  8593 | D:10     | Noticed Erica
  8631 | D:10     | Killed Erica
  8631 | D:10     | Reached skill level 10 in Fighting
  8631 | D:10     | Reached skill level 5 in Dodging
  8631 | D:10     | Reached XP level 11. HP: 63/72 MP: 10/12
  8636 | D:10     | Reached ***** piety under the Shining One
  8970 | D:10     | Noticed Fannar
  9054 | D:10     | Killed Fannar
  9220 | D:10     | Found a runed translucent door.
  9221 | D:10     | Noticed TheDeThijs's ghost (journeyman MiBe)
  9531 | D:11     | Noticed a death yak
  9531 | D:11     | Noticed a cyclops
  9578 | D:10     | Killed a death yak
  9851 | D:11     | Killed a cyclops
  9940 | D:11     | Reached skill level 11 in Fighting
 10048 | D:11     | Found a staircase to the Lair.
 10222 | Lair:1   | Entered Level 1 of the Lair of Beasts
 10950 | Lair:2   | Reached XP level 12. HP: 65/80 MP: 15/15
 11711 | Lair:3   | Found a hole to the Spider Nest.
 11755 | Lair:3   | Noticed Gastronok
 11780 | Lair:3   | Killed Gastronok
 11780 | Lair:3   | Reached skill level 5 in Invocations
 11981 | Lair:3   | Reached skill level 12 in Fighting
 12025 | Lair:3   | Got a crystal rapier
 12456 | Lair:4   | Noticed a four-headed hydra
 12460 | Lair:4   | Noticed a four-headed hydra
 12481 | Lair:3   | Killed a four-headed hydra
 12501 | Lair:3   | Killed a four-headed hydra
 13086 | Lair:4   | Noticed an eight-headed hydra
 13100 | Lair:4   | Killed an eight-headed hydra
 13144 | Lair:4   | Reached XP level 13. HP: 24/87 MP: 17/17
 13572 | Lair:4   | Found a staircase to the Swamp.
 13788 | Lair:4   | Identified the +1 rapier of Makhleb's Delight {flame, *Slow
                  | rF+ Int+3 Dex+4} (You found it on level 3 of the Lair of
                  | Beasts)
 13884 | Lair:5   | Got an ancient hand crossbow
 13919 | Lair:5   | Reached skill level 10 in Armour
 13942 | Lair:5   | Reached skill level 13 in Fighting
 14030 | Lair:5   | Got a brightly glowing cloak
 14112 | Lair:5   | Reached skill level 10 in Shields
 14538 | Lair:5   | Found a runed translucent door.
 14545 | Lair:5   | Found a viscous altar of Jiyva.
 14545 | Lair:5   | Found a staircase to the Slime Pits.
 14817 | Lair:5   | Identified the +4 cloak "Koagez" {rPois rF- MR++ Int+3}
                  | (You found it on level 5 of the Lair of Beasts)
 14853 | Lair:6   | Entered Level 6 of the Lair of Beasts
 16525 | Lair:6   | Gained mutation: Your large and strong wings let you fly
                  | indefinitely. [Gargoyle growth]
 16525 | Lair:6   | Reached XP level 14. HP: 75/95 MP: 19/19
 17041 | Lair:6   | Reached skill level 14 in Fighting
 17390 | Lair:6   | Got a scintillating pewter ring
 17395 | Lair:6   | Got a warped mace
 17418 | Lair:6   | Found a runed translucent gate.
 17418 | Lair:6   | Found a runed translucent gate.
 17418 | Lair:6   | Found a runed translucent gate.
 17423 | Lair:6   | Noticed gonk's ghost (journeyman GnWn)
 17737 | Lair:6   | Identified the cursed +3 mace of Okawaru's Delight {chaos,
                  | +Fly rF+} (You found it on level 6 of the Lair of Beasts)
 17739 | Lair:6   | Identified the ring "Syrad" {rPois rC+ rN+ EV+3} (You found
                  | it on level 6 of the Lair of Beasts)
 17947 | Orc:1    | Entered Level 1 of the Orcish Mines
 18177 | Orc:2    | Entered Level 2 of the Orcish Mines
 18207 | Orc:2    | Reached ****** piety under the Shining One
 18542 | Orc:2    | Reached skill level 10 in Maces & Flails
 18577 | Orc:2    | Noticed a stone giant
 18589 | Orc:2    | HP: 1/96 [stone giant (22)]
 18593 | Orc:2    | Killed a stone giant
 18609 | Orc:2    | Found a staircase to the Elven Halls.
 18616 | Orc:2    | Found a dark tunnel.
 18622 | Volcano  | Entered a volcano
 19341 | Volcano  | Reached XP level 15. HP: 97/101 MP: 21/21
 19871 | Orc:2    | Found a shimmering altar of Xom.
 19999 | Orc:2    | Found Dost's Distillery.
 20005 | Orc:2    | Found Hisafit's Magic Scroll Emporium.
 20007 | Orc:2    | Found Ukecloatomm's Distillery.
 20015 | Orc:2    | Bought a potion of heal wounds for 80 gold pieces
 20017 | Orc:2    | Found Saxymnam's Assorted Antiques.
 20021 | Orc:2    | Bought a potion of heal wounds for 70 gold pieces
 20026 | Orc:2    | Bought a potion of heal wounds for 155 gold pieces
 20172 | Orc:1    | Found a roughly hewn altar of Beogh.
 20469 | Swamp:1  | Entered Level 1 of the Swamp
 21162 | Swamp:1  | Reached skill level 15 in Fighting
 21914 | Swamp:2  | Found a runed translucent gate.
 21925 | Swamp:2  | Found a runed translucent gate.
 21925 | Swamp:2  | Found a runed translucent gate.
 21927 | Swamp:2  | Noticed Ychix's ghost (journeyman GnSk)
 22124 | Swamp:2  | Noticed a thorn hunter
 22162 | Swamp:2  | Killed a thorn hunter
 22459 | Swamp:2  | Found an ornate altar of the Wu Jian Council.
 22914 | Swamp:3  | Found a stormy altar of Qazlal.
 23006 | Swamp:3  | Reached skill level 10 in Invocations
 23556 | Swamp:4  | Entered Level 4 of the Swamp
 23877 | Swamp:4  | Reached XP level 16. HP: 99/108 MP: 23/23
 24580 | Swamp:4  | Noticed Aizul
 24634 | Swamp:4  | Killed Aizul
 25960 | Swamp:4  | Got a decaying rune of Zot
 26399 | Swamp:2  | Got a distressingly furry cloak
 26405 | Swamp:2  | Got a smoking long sword
 26408 | Swamp:2  | Got a vibrating jade ring
 26473 | Swamp:1  | Identified the +1 cloak "Cepiy" {-Tele rPois Slay-6 Stlth+}
                  | (You found it on level 2 of the Swamp)
 26480 | Swamp:1  | Identified the ring of Cheibriados's Delight {*Drain rPois
                  | rC+ MP+9 Int+5} (You found it on level 2 of the Swamp)
 26483 | Swamp:1  | Identified the +4 long sword of the Postmodern Tales
                  | {slice, Dex+2} (You found it on level 2 of the Swamp)
 27348 | D:13     | Found a gate to the Vaults.
 27348 | D:13     | Noticed Rupert
 27425 | D:12     | Killed Rupert
 28224 | D:13     | Found a bloodstained altar of Trog.
 28280 | D:13     | Reached skill level 10 in Dodging
 28317 | D:13     | Found Amoilacier's Weapon Shoppe.
 28639 | D:14     | Found Qigusuih's Armour Shop.
 28651 | D:14     | Bought the +15 Maxwell's patent armour {-Cast -Tele rElec
                  | MR+ rCorr} for 1611 gold pieces
 28651 | D:14     | Found the +15 Maxwell's patent armour {-Cast -Tele rElec
                  | MR+ rCorr}
 28832 | D:14     | Noticed Snorg
 28858 | D:14     | Killed Snorg
 28931 | D:14     | Noticed Azrael
 28946 | D:14     | Killed Azrael
 28984 | D:14     | Reached skill level 16 in Fighting
 29034 | D:14     | Found Xoclaz's Book Shop.
 29107 | D:14     | Noticed Josephine
 29127 | D:14     | Killed Josephine
 29127 | D:14     | Reached XP level 17. HP: 115/115 MP: 25/25
 29184 | D:14     | Identified Roxanne's Incunabulum of Changing
 29184 | D:14     | Noticed Roxanne
 29427 | D:14     | Found Voug's Antique Armour Emporium.
 29786 | D:15     | Entered Level 15 of the Dungeon
 30102 | D:15     | Found a staircase to the Depths.
 30238 | D:15     | Found a glowing golden altar of the Shining One.
 30919 | Vaults:1 | Entered Level 1 of the Vaults
 30992 | Vaults:1 | Noticed Saint Roka
 31053 | Vaults:1 | Killed Saint Roka
 31780 | Vaults:1 | Killed from afar by an ogre mage

Levels and vault maps discovered:
D:1:      minmay_arrival_five_plusses, layout_basic
D:2:      layout_loops_ring, grunt_temple_overflow_octagram, minmay_bisected
D:3:      layout_basic, eat_drink_and_be_merry_uskayaw,
          chequers_ecumenical_altar_lobes, minmay_cupped, uniq_terence
D:4:      layout_gridville, serial_shops, shop
D:5:      layout_rooms, minmay_temple_entry_grid, serial_shops, kennysheep_mini,
          first_ration
D:6:      layout_loops_ring, serial_shops, shop
D:7:      layout_loops_ring, palyth_temple_overflow_mages,
          nicolae_ossuary_entry_giza, minmay_bent, uniq_menkaure
D:8:      layout_rooms, serial_shops, shop
D:9:      layout_basic, david_orc_2, uniq_prince_ribbit1, uniq_pikel
D:10:     layout_cave_pools, ebering_ghost_reflecting_pool, uniq_nergalle,
          uniq_erica, uniq_fannar
D:11:     layout_rooms, david_lair_generic
D:12:     layout_basic
D:13:     layout_loops_ring, david_vaults_3, serial_shops, nicolae_shop_crystal,
          basic_altar, chequers_serial_rivers_micro_d
D:14:     layout_loops_corners, serial_park_paths [serial_park_minivault_5x5_8],
          serial_shops, nicolae_shop_window_shopping, shop, shop, the_bakery,
          uniq_azrael, uniq_josephine, uniq_snorg, uniq_roxanne
D:15:     hangedman_depths_entry_try_elsewhere_first, layout_basic, tso_altar
Temple:   jpeg_temple_clearing
Lair:1:   layout_concentric_octagons, patterned_corridor
Lair:2:   layout_chaotic_city, minmay_lair_oklob_chamber
Lair:3:   layout_regular_city, dummy_spider_entry,
          chequers_serial_rivers_large_a, st_stairs_6, minivault_25,
          uniq_gastronok
Lair:4:   layout_gridlike, minmay_swamp_entry_worms, grunt_megastairs_3
Lair:5:   layout_long_grid, slime_altar_2, minivault_23
Lair:6:   gammafunk_lair_ancient_temple, layout_regular_city,
          gammafunk_ghost_necromancy, hangedman_lair_generics_rect, uniq_rupert
Swamp:1:  layout_falls_marsh, serial_swamp_ruin, evilmike_swamp_ruin_rubble_2,
          evilmike_swamp_ruin_house_2, infiniplex_staircase_pool_2
Swamp:2:  layout_falls_marsh, gammafunk_ghost_hydra_chop, lemuel_altar_in_water
Swamp:3:  layout_falls_marsh, nicolae_swamp_feature_on_the_river_bank,
          swamp_pool2
Swamp:4:  swamp_icy, layout_basic_swamp, infiniplex_staircase_pool, uniq_aizul
Orc:1:    layout_diamond_mine, basic_altar, serial_shops
Orc:2:    st_orc_open, layout_diamond_mine, basic_altar, enter_volcano_4
Vaults:1: vaults_mumra_lcd, grunt_vaults_trifunnel, v_misc_4, v_rooms_3,
          ontoclasm_vaults_idyll, v_pattern_2, v_misc_33, v_misc_27,
          hangedman_vaults_stretched_pinwheel, st_cross,
          layout_vaults_omnicross, serial_shops, shop_scrolls, uniq_saint_roka

Skill      XL: |  1  2  3  4  5  6  7  8  9 10 11 12 13 14 15 16 17 |
---------------+----------------------------------------------------+-----
Dodging        | 1 2 3 4 5 6 7 8 9 10 | 10.7
Fighting       | 4 5 6 7 8 10 11 12 13 14 15 16 | 16.5
Armour         | 4 5 6 7 8 9 10 11 12 13 | 13.9
Shields        | 4 5 6 7 8 9 10 11 12 13 | 13.8
Maces & Flails | 3 4 5 6 7 8 9 10 11 12 | 12.7
Throwing       | 1 2 3 4 |  4.5
Invocations    | 1 4 6 7 9 10 11 12 | 12.1

Action                   |  1- 3 |  4- 6 |  7- 9 | 10-12 | 13-15 | 16-18 || total
-------------------------+-------+-------+-------+-------+-------+-------++-------
Melee: Flail             |   152 |   234 |   232 |       |       |       ||   618
       Mace              |       |       |   439 |   441 |       |       ||   880
       Morningstar       |       |       |       |   346 |  1473 |  1580 ||  3399
Throw: Boomerang         |       |       |       |     5 |       |       ||     5
Invok: Divine Shield     |       |       |       |     2 |     6 |     7 ||    15
       Cleansing Flame   |       |       |       |       |     8 |       ||     8
 Abil: Fly               |       |       |       |       |     1 |       ||     1
Evoke: Wand              |       |       |       |       |     1 |       ||     1
  Use: Scroll            |       |       |       |    27 |     7 |     2 ||    36
       Potion            |       |       |       |     4 |    10 |     7 ||    21
  Eat: Chunk             |       |     5 |     7 |    29 |    38 |    28 ||   107
       Ration            |       |     1 |     2 |     1 |       |       ||     4
Armor: Scale mail        |    88 |       |       |       |       |       ||    88
       Plate armour      |    22 |   223 |   424 |   736 |   955 |   907 ||  3267
Dodge: Dodged            |    59 |    64 |   170 |   336 |   426 |   526 ||  1581
Block: Shield            |    90 |   164 |   402 |   761 |   168 |       ||  1585
       Large shield      |       |       |       |       |  1515 |  1814 ||  3329
